 Dungeon Crawl Stone Soup version 0.31-a0-237-g2d982f9f85 (webtiles) character file.

Game seed: 3059498556155387426

28 qw the Shooter (level 3, -2/21 HPs)
             Began as a Gargoyle Hexslinger on July 10, 2023.
             Slain by a cerulean imp
             ... wielding a +0 spear
             ... summoned by Natasha
              (5 damage)
             ... on level 2 of the Dungeon.
             The game lasted 00:00:16 (758 turns).

qw the Shooter (Gargoyle Hexslinger)                 Turns: 758, Time: 00:00:17

Health: -2/21      AC:  9    Str: 11    XL:     3   Next: 12%
Magic:  4/4        EV: 10    Int: 13    God:
Gold:   45         SH:  0    Dex: 14    Spells: 3/4 levels left

rFire   . . .        Y - +1 sling
rCold   . . .        (no shield)
rNeg    + . .        d - +0 ring mail
rPois   inf          (no helmet)
rElec   +            (no cloak)
rCorr   .            f - +0 pair of gloves
SInv    .            (no boots)
Will    .....        (no amulet)
Stlth   +            (no ring)
HPRegen 0.23/turn    (no ring)
MPRegen 0.09/turn

%: no passive effects
@: slowed, very slow
A: sickness immunity, AC +3, negative energy resistance 1, electricity
resistance, torment resistance 1, petrification resistance
a: no special abilities


You were on level 2 of the Dungeon.
You visited 1 branch of the dungeon, and saw 2 of its levels.

You collected 45 gold pieces.


Innate Abilities, Weirdness & Mutations

You are immune to sickness and miasma.
Your stone body is resilient. (AC +3)
You are immune to poison.
You resist negative energy. (rN+)
You are resistant to electric shocks. (rElec)
You are resistant to unholy torment.
You are immune to petrification.


   Skills:
 - Level 2.0 Fighting
 - Level 3.1 Ranged Weapons
 + Level 0.0 Armour
 - Level 1.5 Dodging
 - Level 1.0 Spellcasting
 - Level 2.6 Hexes


You had 3 spell levels left.
You knew the following spells:

 Your Spells              Type           Power      Damage    Failure   Level
a - Slow                  Hex            28%        N/A       22%         1

Your spell library contained the following spells:

 Spells                   Type           Power      Damage    Failure   Level
 Inner Flame              Hex/Fire       4%         N/A       75%         3
 Portal Projectile        Hex/Tloc       8%         N/A       75%         3
 Cause Fear               Hex            3%         N/A       92%         4

Inventory:

Hand Weapons
 Y - a +1 sling (weapon)
Armour
 d - a +0 ring mail (worn)
 f - a +0 pair of gloves (worn)
Scrolls
 a - a scroll of noise {unknown}

Dungeon Overview and Level Annotations

Branches:
Dungeon (2/15)

Altars:

Annotations:
D:2 Natasha


Message History

751 ||| Stepping ~*~*~tactically~*~*~ (outnumbered).
You shoot a sling bullet.
The sling bullet closely misses Natasha.
Natasha barely misses you. The cerulean imp barely misses you.
You shoot a sling bullet. The sling bullet hits Natasha.
Natasha is moderately wounded.
Natasha mumbles some strange words.
The cerulean imp hits you from afar with a +0 spear.
Natasha closely misses you.
The cerulean imp hits you from afar with a +0 spear.
You shoot a sling bullet. The sling bullet hits Natasha.
Natasha is heavily wounded.
Natasha closely misses you.
The cerulean imp hits you from afar with a +0 spear.
The cerulean imp hits you but does no damage.
Natasha barely misses you.
The cerulean imp hits you but does no damage. x2
You shoot a sling bullet. The sling bullet hits Natasha.
Natasha is severely wounded.
Natasha closely misses you. The cerulean imp completely misses you.
The cerulean imp barely misses you. Natasha completely misses you.
The cerulean imp hits you from afar with a +0 spear.
The cerulean imp hits you but does no damage.
You shoot a sling bullet. The sling bullet hits Natasha.
Natasha is almost dead.
Natasha claws you. The cerulean imp barely misses you.
The cerulean imp hits you with a +1 spear.
Natasha stares at you and mumbles some strange words.
You feel as though you will be slow longer.
The cerulean imp hits you but does no damage.
The cerulean imp closely misses you. Natasha closely misses you.
You shoot a sling bullet.
The sling bullet closely misses Natasha.
The cerulean imp hits you but does no damage. x2
Natasha claws you but does no damage.
The cerulean imp hits you but does no damage. x2
You shoot a sling bullet. The sling bullet barely misses Natasha.
Natasha closely misses you.
The cerulean imp hits you from afar with a +0 spear.
You die...

#.# #.# #.##.
#.#### #.
#.... ..#..
#.. ...#
#.#.#
...###..#
#...###.#
........#
#.5.h5..#
........# #h#
........###@#
..........5.#
....(....####
.........####
............#
........###.#
........# #<#
#.####### ###
..


You could see Natasha and 2 cerulean imps.

Vanquished Creatures
  2 dart slugs (D:1)
  3 endoplasms (D:1)
  A giant cockroach (D:1)
  2 goblins (D:1)
  3 hobgoblins (D:1)
  A quokka (D:1)
  3 ball pythons (D:1)
  A bat (D:1)
  A frilled lizard (D:1)
  2 kobolds (D:1)
  3 rats (D:1)
22 creatures vanquished.

Notes
Turn   | Place    | Note
-------+----------+-------------------------------------------
     0 | D:1      | qw the Gargoyle Hexslinger began the quest for the Orb.
     0 | D:1      | Reached XP level 1. HP: 12/12 MP: 2/2
     0 | D:1      | 0 ||| qw: Version: 0.3-a-52-g30416fa
     0 | D:1      | 0 ||| qw: Game counter: 5084
     0 | D:1      | 0 ||| qw: Melee chars always use a shield: true
     0 | D:1      | 0 ||| qw: God list: Okawaru
     0 | D:1      | 0 ||| qw: Allow faded altars: false
     0 | D:1      | 0 ||| qw: Do Orc after clearing Dungeon:15 true
     0 | D:1      | 0 ||| qw: Do second Lair branch before Depths: true
     0 | D:1      | 0 ||| qw: Lair rune preference: random
     0 | D:1      | 0 ||| qw: Goals: Normal
     0 | D:1      | 0 ||| PLANNING D:1-11
   132 | D:1      | Reached XP level 2. HP: 16/16 MP: 3/3
   154 | D:1      | Reached skill level 3 in Ranged Weapons
   537 | D:1      | Reached XP level 3. HP: 21/21 MP: 4/4
   684 | D:1      | 684 ||| UPGRADING to +0 ring mail.
   694 | D:1      | 694 ||| DROPPING +0 robe.
   695 | D:1      | 695 ||| UPGRADING to +0 pair of gloves.
   700 | D:1      | 700 ||| READING scroll labelled INO LAUTSAIMO.
   701 | D:1      | 701 ||| DROPPING scroll of poison.
   746 | D:2      | Noticed Natasha
   749 | D:2      | 749 ||| Stepping ~*~*~tactically~*~*~ (outnumbered).
   751 | D:2      | 751 ||| Stepping ~*~*~tactically~*~*~ (outnumbered).
   756 | D:2      | HP: 3/21 [cerulean imp/+1 spear[Natasha] (3)]
   758 | D:2      | Slain by a cerulean imp

Levels and vault maps discovered:
D:1:      spicycebolla_arrival_clurvy, layout_basic
D:2:      layout_basic, serial_shops, shop, minmay_misc_feat_five,
          lightli_corner_chamber, uniq_natasha

Skill      XL: |  1  2 |
---------------+-------+-----
Ranged Weapons | 3 |  3.1
Fighting       | 2 |  2.0
Dodging        | |  1.5
Spellcasting   | |  1.0
Hexes          | |  2.6

Action                     || total
---------------------------++-------
   Fire: Sling             ||    67
    Use: Scroll            ||     1
 Armour: Robe              ||    10
         Ring mail         ||    11
  Dodge: Dodged            ||    18

Table legend:
 A = Non-vault XP
 B = Vault XP
 C = Vault XP percentage of total XP
 D = Non-vault monster count
 E = Vault monster count
 F = Vault count percentage of total count
                 A         B        C        D         E       F
            +---------+---------+-------+---------+---------+-------
      Total |      40 |       0 |   0.0 |      22 |       0 |   0.0
            +---------+---------+-------+---------+---------+-------
        D:1 |      40 |       0 |   0.0 |      22 |       0 |   0.0
            +---------+---------+-------+---------+---------+-------
